 Dungeon Crawl Stone Soup version 0.14-a0-2124-ga163777 (webtiles) character file.

8427 Jenx the Conjurer (level 11, 0/89 HPs)
             Began as a Mottled Draconian Conjurer on Jan 27, 2014.
             Was a Priest of Vehumet.
             Succumbed to a yellow wasp's poison
             ... on Level 10 of the Dungeon.
             The game lasted 00:49:58 (13603 turns).

Jenx the Conjurer (Mottled Draconian Conjurer)     Turns: 13603, Time: 00:49:58

HP   0/89        AC  9     Str 15      XL: 11   Next:  3%
MP   2/28        EV 12     Int 18      God: Vehumet [***...]
Gold 505         SH  0     Dex 11      Spells:  6 memorised,  7 levels left

rFire  . . .     SeeInvis .     a - +4,+1 dire flail (freeze)
rCold  + . .     Clarity  .     (armour unavailable)
rNeg   . . .     Conserve .     (no shield)
rPois  .         rCorr    .     (helmet restricted)
rElec  .         rRot     .     g - +0 cloak
SustAb . .       Spirit   .     (no gloves)
rMut   .         Warding  .     f - +0 pair of boots
Saprov . . .     Stasis   .     (no amulet)
MR     .....                    K - ring of protection from cold
                                i - +3 ring of strength

@: quite poisoned, not resistant to hostile enchantments, unstealthy
A: breathe sticky flames, unfitting armour, AC +7
a: Breathe Sticky Flame, Renounce Religion


You were on level 10 of the Dungeon.
You worshipped Vehumet.
Vehumet was most pleased with you.
You were very hungry.

You visited 2 branches of the dungeon, and saw 11 of its levels.

You collected 505 gold pieces.

Inventory:

Hand weapons
 a - a +4,+1 dire flail of freezing (weapon)
 e - the +3,+6 war axe of the Orcish Mines {antimagic, rElec}
   (You found it on level 9 of the Dungeon)

   It disrupts the flow of magical energy around spellcasters and certain
   magical creatures (including the wielder).
   It insulates you from electricity.
 m - a +3,+3 great sword of freezing
 x - a +0,+2 quarterstaff of protection
 H - a +0,+1 whip of draining
Missiles
 r - 11 darts of frost (quivered)
Armour
 f - a +0 pair of boots (worn)
 g - a +0 cloak (worn)
Magical devices
 k - a wand of random effects (8)
 p - a wand of disintegration (0)
 y - a wand of paralysis (13)
 D - a wand of slowing (14)
 J - a wand of magic darts (12)
Comestibles
 b - 3 bread rations
 n - 4 meat rations
Scrolls
 d - 2 scrolls of curse armour {unknown}
 l - a scroll of teleportation {unknown}
 t - 3 scrolls of amnesia
 u - 2 scrolls of random uselessness {unknown}
 v - 2 scrolls of recharging {unknown}
 B - a scroll of enchant weapon I
 E - a scroll of magic mapping
Jewellery
 i - a +3 ring of strength (left hand)
 q - an uncursed amulet of faith {unknown}
 K - a ring of protection from cold (right hand)
Potions
 h - a potion of restore abilities {unknown}
 j - a potion of speed {unknown}
 o - a potion of might
 s - a potion of flight {unknown}
 w - a potion of cure mutation {unknown}
 A - a potion of magic {unknown}
 F - a potion of confusion {unknown}
 I - a potion of resistance {unknown}
Books
 c - a book of Conjurations

   Spells                             Type                      Level
   *Magic Dart                        Conjuration                  1
   Searing Ray                        Conjuration                  2
   *Dazzling Spray                    Conjuration/Hexes            3
   *Iskenderun's Mystic Blast         Conjuration                  4
   *Iskenderun's Battlesphere         Conjuration/Charms           4
   *Fulminant Prism                   Conjuration/Hexes            5
 C - a book of the Warp

   Spells                             Type                      Level
   Recall                             Summoning/Translocation      3
   Control Teleport                   Charms/Translocation         4
   Phase Shift                        Translocation                5
   Warp Weapon                        Charms/Translocation         5
   Dispersal                          Translocation                6
   Controlled Blink                   Translocation                7
   Disjunction                        Translocation                8


   Skills:
 * Level 6.1 Fighting
 - Level 1.7 Dodging
 - Level 1.7 Stealth
 - Level 8.5 Spellcasting
 + Level 11.2 Conjurations
 - Level 5.1 Hexes
 - Level 5.1 Charms


You had 7 spell levels left.
You knew the following spells:

 Your Spells              Type           Power        Failure   Level  Hunger
a - Magic Dart            Conj           ####         1%          1    None
b - Dazzling Spray        Conj/Hex       #####...     1%          3    #......
c - Iskenderun's Mystic   Conj           #####...     1%          4    ###....
d - Iskenderun's Battles  Conj/Chrm      #####...     1%          4    ###....
e - Regeneration          Chrm/Necr      ###.......   12%         3    #......
f - Fulminant Prism       Conj/Hex       #####.....   3%          5    ####...


Dungeon Overview and Level Annotations

Branches:
Dungeon (10/16)            Temple (1/1) D:5            Lair (0/8) D:10
    Orc: D:9-12

Altars:
Cheibriados
Dithmengos
Elyvilon
Fedhas
Makhleb
Nemelex Xobeh
Okawaru
Sif Muna
Vehumet
Yredelemnul
Zin


Message History

Aim: a yellow wasp (moderately wounded)
The yellow wasp suddenly stops moving!
* * * LOW HITPOINT WARNING * * *
You feel sick.
* * * LOW HITPOINT WARNING * * *
You feel sick.
* * * LOW HITPOINT WARNING * * *
You feel sick.
You open the large door.
* * * LOW HITPOINT WARNING * * *
You feel sick.
There is a large open door here.
* * * LOW HITPOINT WARNING * * *
You feel sick.
The yellow wasp is no longer paralysed.
You close the large door.
You feel yourself speed up.
* * * LOW HITPOINT WARNING * * *
You feel sick.
You start resting.
You die...

+.....'........#
#.....###.####.# #.....#
#.# #..# ####+.<...###.#
#.## #..........##)# #.#
+..........##.# #.#
+..........+..# #.#
#..........+..# #.#
#....@.....##.# #.#
###++#.....##.###.###
#.####..#.≈≈≈.#........#
#......y#.≈#≈.#..####.)#
###.####.#.≈#≈.#..# #..#
.... #.#.≈#≈.#..####..##
..P..
#)#.≈#≈.#....<...).
ff..f.
#)#.≈#§.#........).
.fff...####
#.#.≈#≈§#..####..##


There were no monsters in sight!

Vanquished Creatures
  Erolcha (D:10)
  A hill giant (D:10)
  Joseph (D:7)
  The ghost of Jenx the Grappler, an experienced VSMo of Dithmengos (D:8)
  A troll (D:9)
  4 slime creatures (D:7)
  A hill giant zombie (D:8)
  4 yaks (D:9)
  2 orc warriors
  A shadow (D:7)
  A hippogriff (D:8)
  A manticore (D:9)
  A hungry ghost (D:8)
  An ice beast (D:9)
  6 ogres
  A phantom (D:9)
  3 sky beasts
  3 centaurs (D:8)
  A crocodile (D:9)
  Duvessa (D:4)
  4 giant frogs
  A wyvern skeleton (D:8)
  6 jellies (D:7)
  12 wights
  3 hounds
  Dowan (D:4)
  7 crimson imps
  A giant frog zombie (D:7)
  A centaur zombie (D:7)
  3 goliath beetles
  A centaur skeleton (D:8)
  4 orc priests
  7 orc wizards
  2 scorpions
  2 worker ants (D:7)
  A worker ant zombie (D:9)
  7 gnolls
  11 adders
  A giant mite (D:6)
  An orc zombie (D:7)
  5 worms
  An adder skeleton (D:5)
  2 orc skeletons
  A giant eyeball (D:9)
  2 oozes
  34 orcs
  14 bats
  A giant cockroach (D:6)
  A giant mite zombie (D:8)
  11 goblins
  18 hobgoblins
  14 jackals
  12 kobolds
  A ball python (D:3)
  6 giant geckos
  5 giant newts
  A kobold skeleton (D:4)
  3 quokkas
  17 rats
  A bush (D:8)
  2 fungi (D:10)
264 creatures vanquished.

Vanquished Creatures (collateral kills)
  2 orc wizards (D:6)
2 creatures vanquished.

Vanquished Creatures (others)
  4 fulminant prisms
  A fungus (D:10)
5 creatures vanquished.

Grand Total: 271 creatures vanquished

Notes
Turn   | Place    | Note
--------------------------------------------------------------
     0 | D:1      | Jenx, the Draconian Conjurer, began the quest for the Orb.
     0 | D:1      | Reached XP level 1. HP: 14/14 MP: 3/3
   348 | D:1      | Reached XP level 2. HP: 11/20 MP: 1/4
  1362 | D:1      | Reached skill level 5 in Conjurations
  1368 | D:1      | Reached XP level 3. HP: 19/26 MP: 6/6
  1844 | D:2      | Learned a level 3 spell: Dazzling Spray
  2803 | D:3      | Reached XP level 4. HP: 33/33 MP: 0/7
  3084 | D:3      | Reached skill level 6 in Conjurations
  3751 | D:4      | Noticed an ogre
  3877 | D:4      | Reached XP level 5. HP: 38/38 MP: 7/9
  3893 | D:4      | Learned a level 4 spell: Iskenderun's Battlesphere
  4017 | D:4      | Killed an ogre
  4017 | D:4      | Reached skill level 7 in Conjurations
  4056 | D:4      | Reached XP level 6. HP: 34/45 MP: 1/10
  4111 | D:4      | Noticed an ogre
  4250 | D:4      | Killed an ogre
  4501 | D:4      | Noticed Duvessa
  4501 | D:4      | Noticed Dowan
  4529 | D:4      | Killed Duvessa
  4529 | D:4      | Reached skill level 8 in Conjurations
  4531 | D:4      | Killed Dowan
  4791 | D:4      | Noticed an ogre
  4807 | D:4      | Killed an ogre
  4807 | D:4      | Reached skill level 1 in Charms
  4807 | D:4      | Your scales start taking on a weird mottled pattern.
  4807 | D:4      | Reached XP level 7. HP: 26/50 MP: 4/12
  5042 | D:5      | Entered Level 5 of the Dungeon
  5099 | D:5      | Found a burning altar of Makhleb.
  5341 | D:5      | Found a staircase to the Ecumenical Temple.
  5355 | Temple   | Entered the Ecumenical Temple
  5369 | Temple   | Became a worshipper of Vehumet
  6231 | D:6      | Found a basalt altar of Yredelemnul.
  7130 | D:7      | Reached XP level 8. HP: 35/57 MP: 9/16
  7135 | D:7      | Noticed Joseph
  7169 | D:7      | Killed Joseph
  7520 | D:7      | Reached skill level 5 in Spellcasting
  7520 | D:7      | Reached skill level 9 in Conjurations
  7745 | D:7      | Learned a level 4 spell: Iskenderun's Mystic Blast
  7795 | D:7      | Acquired Vehumet's first power
  7795 | D:7      | Offered knowledge of Freeze by Vehumet.
  8429 | D:7      | Learned a level 3 spell: Regeneration
  8483 | D:7      | Reached XP level 9. HP: 58/62 MP: 20/23
  9885 | D:7      | Reached skill level 10 in Conjurations
 10250 | D:8      | Offered knowledge of Sting by Vehumet.
 10497 | D:8      | Reached skill level 1 in Hexes
 10823 | D:8      | Reached XP level 10. HP: 24/69 MP: 25/27
 10966 | D:8      | Found a blossoming altar of Fedhas.
 11154 | D:8      | Noticed Jenx's ghost (experienced VSMo)
 11166 | D:8      | Killed Jenx's ghost
 11185 | D:8      | Learned a level 5 spell: Fulminant Prism
 11262 | D:8      | Reached skill level 5 in Charms
 11468 | D:8      | Offered knowledge of Throw Frost by Vehumet.
 12000 | D:9      | Got an ichor-stained war axe
 12015 | D:8      | Identified the +3,+6 war axe of the Orcish Mines {antimagic, rElec} (You found it on level 9 of the Dungeon)
 12174 | D:9      | Acquired Vehumet's second power
 12175 | D:9      | Reached skill level 5 in Hexes
 12186 | D:9      | Reached skill level 1 in Fighting
 13198 | D:9      | Found an iron altar of Okawaru.
 13198 | D:9      | Found a basalt altar of Yredelemnul.
 13318 | D:10     | Entered Level 10 of the Dungeon
 13381 | D:10     | Offered knowledge of Stone Arrow by Vehumet.
 13410 | D:10     | Reached skill level 11 in Conjurations
 13491 | D:10     | Reached skill level 5 in Fighting
 13510 | D:10     | Found a staircase to the Lair.
 13532 | D:10     | Noticed a hill giant
 13534 | D:10     | Noticed Erolcha
 13536 | D:10     | Paralysed by Erolcha for 3 turns
 13543 | D:10     | Killed Erolcha
 13548 | D:10     | Paralysed by an orc wizard for 5 turns
 13582 | D:10     | Paralysed by a yellow wasp for 1 turns
 13587 | D:10     | Paralysed by a yellow wasp for 2 turns
 13592 | D:10     | Killed a hill giant
 13592 | D:10     | Reached XP level 11. HP: 21/89 MP: 7/28
 13595 | D:10     | HP: 4/89 [poisoned by a yellow wasp]
 13600 | D:10     | HP: 1/89 [poisoned by a yellow wasp]
 13603 | D:10     | Succumbed to a yellow wasp's poison

Action                   |  1- 3 |  4- 6 |  7- 9 | 10-12 || total
-------------------------+-------+-------+-------+-------++-------
Melee: Unarmed           |    33 |       |       |       ||    33
       Dagger            |   110 |       |       |       ||   110
       Short sword       |    50 |       |       |       ||    50
       Flail             |     7 |    95 |   147 |       ||   249
       Spear             |     6 |       |       |       ||     6
       Dire flail        |       |       |    42 |    24 ||    66
       Great sword       |       |       |    88 |   152 ||   240
Throw: Dart              |       |    13 |       |       ||    13
 Cast: Magic Dart        |    59 |    79 |    99 |    40 ||   277
       Dazzling Spray    |       |     9 |    46 |    39 ||    94
       Iskenderun's Myst |       |       |     1 |     5 ||     6
       Iskenderun's Batt |       |       |     6 |     3 ||     9
       Fulminant Prism   |       |       |       |     4 ||     4
       Regeneration      |       |       |       |     2 ||     2
 Abil: Breathe Sticky Fl |       |       |    19 |    11 ||    30
Evoke: Wand              |       |    13 |    11 |     3 ||    27
  Use: Scroll            |       |       |    13 |     3 ||    16
       Potion            |       |       |     6 |     6 ||    12
 Stab: Sleeping          |     3 |       |     2 |     1 ||     6
       Invisible         |       |       |     4 |     4 ||     8
       Paralysed         |       |       |     2 |       ||     2
